 Dungeon Crawl Stone Soup version 0.30-a0-634-g8abc85282e (webtiles) character file.

Game seed: 17409106305208145087

4593 NinjaNoafa the Thaumaturge (level 10, -11/114 HPs)
             Began as a Djinni Fire Elementalist on Jan 14, 2023.
             Was an Initiate of Ashenzari.
             Killed by an exploding gargoyle (48 damage)
             ... ignited by their inner flame
             ... on level 8 of the Dungeon.
             The game lasted 00:19:06 (8552 turns).

NinjaNoafa the Thaumaturge (DjFE)                   Turns: 8552, Time: 00:19:06

Health: -11/114    AC: 25    Str:  7    XL:     10   Next: 68%
Gold:   50         EV:  2    Int: 27    God:    Ashenzari [......] SH: 11 Dex: 24

rFire   x . .      SeeInvis .    D - +2 war axe (elec)
rCold   . . .      Faith    .    H - +0 buckler
rNeg    . . .      Spirit   .    (body armour currently unavailable)
rPois   ∞          Reflect  +    (helmet currently unavailable)
rElec   .          Harm     .    (cloak currently unavailable)
rCorr   .          Rampage  .    (gloves currently unavailable)
Will    ++...      NoTele   +    (boots unavailable)
Stlth   +++                      I - amulet of reflection
HPRegen 0.39/turn                K - +6 ring of dexterity
MPRegen 0.00/turn                C - ring of Apeoromancy {Wiz rF- Will+ Int+6 Dex+4, Self, Cun} (curse)

@: tree-form
A: stationary, stasis, torment immunity, boosted hp, sickness immunity, (fire
resistance 2), (cold vulnerability 1), float, innate caster, HP casting, extra
vitality 1
a: Renounce Religion, Shatter the Chains


You were on level 8 of the Dungeon.
You worshipped Ashenzari.
Ashenzari was noncommittal.
You were a tree.
You visited 2 branches of the dungeon, and saw 9 of its levels.

You collected 672 gold pieces.
You spent 622 gold pieces at shops.

Inventory:

Hand Weapons
 d - a +2 dagger of venom
 D - a +2 war axe of electrocution (weapon)
Missiles
 t - 4 atropa-tipped darts
 v - 2 boomerangs
 x - 6 curare-tipped darts
 z - 33 poisoned darts
Armour
 r - a +0 pair of gloves (melded)
 F - a +0 troll leather armour (melded)
 H - a +0 buckler (worn)
Jewellery
 C - the cursed ring of Apeoromancy (right branch) {Wiz rF- Will+ Int+6 Dex+4, Self, Cun}
   (You bought it in a shop on level 5 of the Dungeon)

   [ring of wizardry]

   It improves your spell success rate.
   Int:       It affects your intelligence (+6).
   Dex:       It affects your dexterity (+4).
   rF:        It makes you vulnerable to fire.
   Will:      It increases your willpower.
   It has a curse which improves the following skills: Introspection: Fighting
   and Spellcasting.
   Cunning:   Dodging and Stealth.
 I - an amulet of reflection (around neck)
 K - a +6 ring of dexterity (left branch)
Wands
 G - a wand of mindburst (14)
Scrolls
 b - 4 scrolls of teleportation {unknown}
 c - a scroll of vulnerability {unknown}
 e - 3 scrolls of enchant armour {unknown}
 g - 5 scrolls of enchant weapon
 j - 2 scrolls of poison {unknown}
 p - 3 scrolls of brand weapon
 u - 2 scrolls of blinking {unknown}
 y - 2 scrolls of noise {unknown}
 B - 4 scrolls of fear
Potions
 a - a potion of haste {unknown}
 f - 5 potions of curing
 h - 2 potions of might {unknown}
 i - a potion of invisibility {unknown}
 k - 2 potions of degeneration {unknown}
 l - a potion of lignification
 m - a potion of heal wounds {unknown}
 o - 2 potions of brilliance {unknown}
 q - 3 potions of flight
 w - 2 potions of mutation {unknown}
 E - 2 potions of attraction {unknown}
 J - a potion of resistance {unknown}


   Skills:
 + Level 7.2(7.6) Fighting
 + Level 3.4 Armour
 + Level 4.4(4.8) Dodging
 - Level 1.5(1.9) Stealth
 + Level 4.3 Shields
 + Level 8.4(8.9) Spellcasting
 + Level 3.4 Evocations


You had 3 spell levels left.
You knew the following spells:

 Your Spells              Type           Power      Damage    Failure   Level
a - Foxfire               Conj/Fire      100%       2x1d9     1%          1
b - Scorch                Fire           100%       2d10      1%          2
c - Kindle Blastsparks    Fire/Tloc/Air  100%       2d18      1%          3
d - Inner Flame           Hex/Fire       57%        N/A       1%          3
e - Stone Arrow           Conj/Erth      100%       3d13      1%          3
f - Flame Wave            Conj/Fire      57%        2d14      1%          4
g - Static Discharge      Conj/Air       100%       2-7/arc   1%          2
h - Sticky Flame          Conj/Fire      57%        2d7       1%          4
i - Beastly Appendage     Tmut           100%       N/A       1%          1
Your spell library was empty.

Dungeon Overview and Level Annotations

Branches:
Dungeon (8/15)             Temple (1/1) D:7
   Lair: D:8-11

Altars:
Ashenzari
Cheibriados
Dithmenos
Elyvilon
Fedhas
Gozag
Hepliaklqana
Makhleb
Nemelex Xobeh
Okawaru
Qazlal
Ru
Trog
Wu Jian
Xom
Yredelemnul
Zin
The Shining One

Shops:
D:4 (   D:5 =


Innate Abilities, Weirdness & Mutations

You are a tree.
Your roots penetrate the ground, keeping you stationary.
You cannot be teleported.
You are immune to unholy pain and torment.
Your maximum health is greatly increased.
Your equipment is partially melded.
You are immune to sickness and miasma.
You are immune to poison.
((Your flesh is very heat resistant. (rF++)))
((You are vulnerable to cold. (rC-)))
You float through the air rather than walking.
You learn spells naturally, not from books.
Your magical power is your life essence.
You have superior vitality. (+4 MHP)


Message History

Confirm with . or Enter, or press ? or * to list all spells.
Aiming: Inner Flame (safe; 1% risk of failure)
Press: ? - help, Dir - move target, f/p - gargoyle
Aim: a gargoyle, wielding a +0 mace of holy wrath (chance to affect: 87%)
Okay, then.
The gargoyle hurls a stone arrow at you.
The stone arrow misses you.
Casting: Inner Flame (safe; 1% risk of failure)
Confirm with . or Enter, or press ? or * to list all spells.
Aiming: Inner Flame (safe; 1% risk of failure)
Press: ? - help, Dir - move target, f/p - gargoyle
Aim: a gargoyle, wielding a +0 mace of holy wrath (chance to affect: 87%)
The gargoyle is filled with an inner flame.
The cloud of blastsparks explodes!
The concussive blast engulfs the gargoyle!
Flame seeps out of the gargoyle.
The gargoyle is moderately damaged.
Really quaff the potion of lignification?
You turn into a tree.
Your +0 pair of gloves melds into your body.
Your +0 troll leather armour melds into your body.
Your roots penetrate the ground.
The gargoyle is engulfed in blazing flames.
Flame seeps out of the gargoyle.
Casting: Inner Flame (safe; 1% risk of failure)
Confirm with . or Enter, or press ? or * to list all spells.
Aiming: Sticky Flame (mildly dangerous; 1% risk of failure)
Press: ? - help, Shift-Dir - straight line, f/p - gargoyle
Aim: a gargoyle, wielding a +0 mace of holy wrath (heavily damaged, inner flame)
The sticky flame hits the gargoyle but does no damage.
The gargoyle is heavily damaged.
The gargoyle is covered in liquid flames!
The gargoyle burns!
Flame seeps out of the gargoyle.
You block the gargoyle's attack.
You hit the gargoyle but do no damage.
The gargoyle is severely damaged.
The gargoyle burns!
The gargoyle explodes!
The fiery explosion engulfs you!!! The fire burns you terribly!
You die...

#.# ...####.######
#...........### ###
...####.####.#.. ..#
##...###.#.# #.#
#.....##.#.# #.#
##.).###.#.##### #.#
##.## #.......###.#
#♣# ###<##...##.# #○#
#.##....#.# #§#
#.........# #...#
#######.### #.....#
####.# #.......#
##.##.#
#.........####...#.###
+.........+...........
#........"####...#.###


There were no monsters in sight!

Vanquished Creatures
  A gargoyle (D:8)
  A troll (D:5)
  2 hornets
  Grinder (D:5)
  3 yaks (D:8)
  Menkaure (D:7)
  3 water moccasins
  3 black bears
  A sky beast (D:7)
  3 ogres
  A centaur (D:7)
  3 ice beasts
  2 phantoms
  3 bullfrogs
  A kobold brigand (D:7)
  A necrophage (D:6)
  4 scorpions
  5 wights
  6 electric eels (D:5)
  2 hounds
  A jelly (D:6)
  An orc priest (D:3)
  A gnoll bouda (D:8)
  Ijyb (D:4)
  5 iguanas
  6 orc wizards
  4 gnolls (D:8)
  17 adders
  A shadow imp (D:7)
  2 white imps
  An ufetubus (D:5)
  2 worms
  4 dart slugs
  16 orcs
  6 endoplasms
  2 giant cockroaches
  10 goblins
  4 hobgoblins (D:1)
  4 jackals
  14 kobolds
  6 quokkas
  6 ball pythons
  6 bats
  2 frilled lizards
  3 rats
172 creatures vanquished.

Vanquished Creatures (collateral kills)
  A foxfire (D:5)
1 creature vanquished.

Vanquished Creatures (others)
  228 foxfires
  2 fungi (D:6)
  4 plants (D:5)
  4 toadstools (D:6)
238 creatures vanquished.

Grand Total: 411 creatures vanquished

Notes
Turn   | Place    | Note
-------+----------+-------------------------------------------
     0 | D:1      | NinjaNoafa the Djinni Fire Elementalist began the quest for
                  | the Orb.
     0 | D:1      | NinjaNoafa set off with the following spells memorised:
                  | Foxfire, Scorch, Kindle Blastsparks, Inner Flame, Flame
                  | Wave.
     0 | D:1      | Reached XP level 1. HP: 15/15 MP: 0/0
    72 | D:1      | Reached skill level 1 in Fighting
    72 | D:1      | Reached XP level 2. HP: 20/22 MP: 0/0
   439 | D:1      | Reached XP level 3. HP: 26/27 MP: 0/0
   439 | D:1      | Learned a level 1 spell: Beastly Appendage
   571 | D:1      | Found a faded altar of an unknown god.
   586 | D:1      | Noticed a floating eye
   645 | D:1      | Noticed an eye of devastation
   650 | D:1      | Noticed a great orb of eyes
   678 | D:1      | Noticed an eye of devastation
  1175 | D:2      | Found a white marble altar of Elyvilon.
  1204 | D:2      | Reached XP level 4. HP: 31/34 MP: 0/0
  1785 | D:2      | Reached skill level 3 in Spellcasting
  1785 | D:2      | Reached XP level 5. HP: 40/40 MP: 0/0
  1785 | D:2      | Learned a level 2 spell: Static Discharge
  2682 | D:3      | Reached XP level 6. HP: 11/46 MP: 0/0
  3176 | D:4      | Reached skill level 4 in Spellcasting
  3261 | D:4      | Found a blossoming altar of Fedhas.
  3382 | D:4      | Noticed Ijyb
  3391 | D:4      | Killed Ijyb
  4270 | D:5      | Entered Level 5 of the Dungeon
  4270 | D:5      | Noticed an ogre
  4280 | D:4      | Found Ylleeze's Antique Weapon Shoppe.
  4549 | D:5      | Killed an ogre
  4550 | D:5      | Reached XP level 7. HP: 30/50 MP: 0/0
  4550 | D:5      | Learned a level 3 spell: Stone Arrow
  4672 | D:5      | Reached skill level 5 in Spellcasting
  4890 | D:5      | Noticed Grinder
  4898 | D:5      | Killed Grinder
  4899 | D:5      | Reached skill level 6 in Spellcasting
  4899 | D:5      | Reached XP level 8. HP: 51/56 MP: 0/0
  5087 | D:5      | Noticed a troll
  5092 | D:5      | Killed a troll
  5093 | D:5      | Reached skill level 7 in Spellcasting
  5269 | D:5      | Reached skill level 1 in Armour
  5559 | D:5      | Reached XP level 9. HP: 53/63 MP: 0/0
  5559 | D:5      | Learned a level 4 spell: Sticky Flame
  5814 | D:5      | Found a shimmering altar of Xom.
  6062 | D:6      | Reached skill level 5 in Fighting
  6062 | D:6      | Reached skill level 1 in Shields
  6178 | D:5      | Found Huomah's Jewellery Emporium.
  6303 | D:5      | Reached skill level 1 in Evocations
  6721 | D:6      | Reached XP level 10. HP: 66/70 MP: 0/0
  7086 | D:7      | Found a staircase to the Ecumenical Temple.
  7096 | Temple   | Entered the Ecumenical Temple
  7170 | Temple   | Became a worshipper of Ashenzari the Shackled
  7314 | D:7      | Reached skill level 8 in Spellcasting
  7482 | D:7      | Noticed Menkaure
  7487 | D:7      | Killed Menkaure
  8403 | D:5      | Bought the ring of Kaufo {Wiz rF- Will+ Int+6 Dex+4} for
                  | 622 gold pieces
  8538 | D:8      | Noticed a gargoyle
  8552 | D:8      | Killed a gargoyle
  8552 | D:8      | Killed by an exploding gargoyle... ignited by their inner
                  | flame

Illustrated notes

Levels and vault maps discovered:
D:1:      evilmike_arrival_crescent, layout_basic,
          hellmonk_ecumenical_altar_watching_god, minmay_fountain_box
D:2:      layout_basic, basic_altar
D:3:      layout_loops_ring
D:4:      layout_loops_corners, fedhas_altar_3, serial_shops, shop,
          amethyst_killhole, st_stairs_1, uniq_ijyb
D:5:      cheibrodos_two_vegetables, layout_basic,
          mainiacjoe_overflow_divided_tiny, serial_shops,
          nicolae_shop_window_shopping, uniq_grinder
D:6:      minmay_chambers_of_threes, layout_basic, minmay_gold_behind_fungi
D:7:      nicolae_BIG_FREAKIN_CUBE, layout_basic, temple_fountains,
          uniq_menkaure
D:8:      layout_loops_corners
Temple:   dpeg_three_leaves_temple

Skill      XL: |  1  2  3  4  5  6  7  8  9 10 |
---------------+-------------------------------+-----
Fighting       | 1 2 3 4 5 7 |  7.2
Dodging        | 3 4 |  4.4
Spellcasting   | 3 4 6 7 8 |  8.4
Armour         | 2 3 |  3.4
Shields        | 4 |  4.3
Evocations     | 3 |  3.4
Stealth        | |  1.5

Action                   |  1- 3 |  4- 6 |  7- 9 | 10-12 || total
-------------------------+-------+-------+-------+-------++-------
Melee: Dagger            |    38 |    51 |       |       ||    89
       Headbutt          |     3 |     7 |     1 |       ||    11
       Punch             |       |     2 |       |       ||     2
       War axe           |       |       |     3 |     3 ||     6
 Cast: Foxfire           |    47 |    49 |    33 |    25 ||   154
       Scorch            |     4 |     9 |     3 |       ||    16
       Beastly Appendage |     9 |    10 |     1 |       ||    20
       Static Discharge  |       |    13 |       |    12 ||    25
       Inner Flame       |       |     6 |    19 |    15 ||    40
       Kindle Blastspark |       |     6 |    10 |    10 ||    26
       Stone Arrow       |       |       |    42 |    15 ||    57
       Sticky Flame      |       |       |     1 |     3 ||     4
       Flame Wave        |       |       |     1 |     2 ||     3
Invok: Curse Item        |       |       |       |     1 ||     1
Evoke: Wand              |       |       |       |     1 ||     1
  Use: Scroll            |       |       |       |     6 ||     6
       Potion            |       |       |       |     1 ||     1
 Stab: Sleeping          |       |     4 |       |       ||     4
Armor: Robe              |    14 |    17 |       |       ||    31
       Troll leather arm |       |       |     4 |     5 ||     9
Dodge: Dodged            |    37 |    38 |    24 |    19 ||   118
Block: Buckler           |       |       |     9 |    17 ||    26
       Reflection        |       |       |       |     4 ||     4

Table legend: (Time is in decaauts)
 A = Elapsed time spent in this place.
 B = Non-inter-level travel time spent in this place.
 C = Inter-level travel time spent in this place.
 D = Time resting spent in this place.
 E = Time spent auto-exploring this place.
 F = Levels seen in this place.
 G = Mean time per level.
                   A        B        C        D        E       F      G
               +--------+--------+--------+--------+--------+-----+--------+
         Total |   8557 |   8023 |    534 |      0 |   6826 |   9 |  950.8 |
       Dungeon |   8476 |   7948 |    528 |      0 |   6768 |   8 | 1059.5 |
        Temple |     80 |     74 |      6 |      0 |     58 |   1 |   80.0 |
               +--------+--------+--------+--------+--------+-----+--------+

Top non-repeatable levels by time:
     D:5: 1494 daAuts
     D:4: 1368 daAuts
     D:2: 1217 daAuts
     D:1: 1074 daAuts
     D:3: 994 daAuts
     D:6: 900 daAuts
     D:7: 867 daAuts
     D:8: 557 daAuts
  Temple: 80 daAuts
